 Dungeon Crawl Stone Soup version 0.22-a0-388-g09e6169 (webtiles) character file.

107 4thArraOfDagon the Slasher (level 4, -5/30 HPs)
             Began as a Tengu Abyssal Knight on Apr 29, 2018.
             Was a Believer of Lugonu.
             Slain by Sigmund the sky beast (6 damage)
             ... on level 2 of the Dungeon.
             The game lasted 00:05:05 (2274 turns).

4thArraOfDagon the Slasher (Tengu Abyssal Knight)   Turns: 2274, Time: 00:05:06

Health: -5/30      AC:  3    Str: 13    XL:     4   Next: 85%
Magic:  6/6        EV: 12    Int: 13    God:    Lugonu [**....]
Gold:   149        SH:  0    Dex: 11    Spells: 3/3 levels left

rFire    . . .     SeeInvis .   a - +1 falchion
rCold    . . .     Gourm    .   (no shield)
rNeg     . . .     Faith    .   b - +0 leather armour
rPois    .         Spirit   .   (helmet restricted)
rElec    .         Reflect  .   (no cloak)
rCorr    .         Harm     .   (no gloves)
MR       .....                  (boots unavailable)
Stlth    +.........             (no amulet)
HPRegen  0.10/turn              (no ring)
MPRegen  0.10/turn              (no ring)

@: no status effects
A: beak, talons 3, clumsy 1, robust 1
a: Depart the Abyss, Bend Space, Renounce Religion


You were on level 2 of the Dungeon.
You worshipped Lugonu.
Lugonu was pleased with you.
You were not hungry.

You visited 1 branch of the dungeon, and saw 4 of its levels.
You visited the Abyss 1 time.

You collected 149 gold pieces.

Inventory:

Hand Weapons
 a - a +1 falchion (weapon)
Armour
 b - a +0 leather armour (worn)
Wands
 l - a wand of random effects (28)
 m - a wand of polymorph (9)
 q - a wand of acid (1)
Scrolls
 d - 2 scrolls of identify
 e - 2 scrolls of enchant armour {unknown}
 g - 3 scrolls of remove curse {unknown}
 k - a scroll of amnesia {unknown}
 o - a scroll of teleportation {unknown}
 p - a scroll of enchant weapon {unknown}
Potions
 f - a potion of lignification
 h - 3 potions of curing
 i - a potion of flight
 j - 2 potions of heal wounds
 n - a potion of might
Comestibles
 c - 6 rations


   Skills:
 + Level 3.3 Fighting
 * Level 3.6 Long Blades
 + Level 3.0 Armour
 + Level 2.0 Dodging
 + Level 2.3 Invocations


You had 3 spell levels left.
You didn't know any spells.

Dungeon Overview and Level Annotations

Branches:
Dungeon (4/15)
 Temple: D:4-7

Altars:
Cheibriados
Kikubaaqudgha

Annotations:
D:2 Sigmund
D:4 Curus's ghost, novice MfTm


Innate Abilities, Weirdness & Mutations

You have a beak for a mouth.
You have claws for feet.
You are clumsy. (Dex -2)
You are robust. (+10% HP)


Message History

* * * LOW HITPOINT WARNING * * *
Something shocks you.
* * * LOW HITPOINT WARNING * * *
Unknown command.
Unknown command.
Sigmund appears from thin air!
Reactivating autopickup.
Evoke which item? (* to show all) (? for menu, Esc to quit)
Aiming: Corrosive Bolt
Press: ? - help, Shift-Dir - straight line, f/p - Sigmund
Aim: Sigmund the sky beast (moderately wounded, covered in acid)
The bolt of acid hits Sigmund.
Sigmund is splashed with acid.
The acid corrodes Sigmund!
Sigmund is almost dead.
Sigmund flickers out of sight!
Deactivating autopickup; reactivate with Ctrl-A.
Something hits you.
* * * LOW HITPOINT WARNING * * *
Something shocks you.
You die...

........# #........##.
........# #......!.##.
.....รท..#####
#........##.
.....>......#
#........##.
........###.#
#........##. ........#
#.# #####........##.
........# #.#
...........####.
........# #.#
##########.#..# #.
........# #.#
#.@{.......#..# #.
........#
#.#...##########..# #.
######### #.#### #..#
## #.# #..# #.# #..#
#.# #..# #.# #..# #.#
#..#
#.##############..#####


There were no monsters in sight!

Vanquished Creatures
  Robin (D:3)
  2 adders
  2 oozes (D:2)
  2 leopard geckos (D:3)
  2 orcs (D:3)
  3 ball pythons (D:1)
  A bat zombie (D:2)
  7 giant cockroaches
  11 goblins
  8 hobgoblins
  3 jackals (D:1)
  5 bats
  4 frilled lizards
  6 kobolds
  2 rats (D:3)
  2 rat zombies (D:2)
61 creatures vanquished.

Notes
Turn   | Place    | Note
-------+----------+-------------------------------------------
     0 | Abyss:1  | 4thArraOfDagon the Tengu Abyssal Knight began the quest for the Orb.
     0 | Abyss:1  | Reached XP level 1. HP: 14/14 MP: 3/3
    32 | Abyss:1  | Noticed a smoke demon
    43 | Abyss:1  | Noticed a thrashing horror
    48 | Abyss:1  | Noticed a large abomination
    70 | Abyss:1  | Noticed a smoke demon
    82 | Abyss:1  | Noticed a large abomination
    90 | D:1      | Escaped the Abyss
   221 | D:1      | Reached XP level 2. HP: 16/19 MP: 4/4
   293 | D:1      | Reached * piety under Lugonu
   619 | D:1      | Reached XP level 3. HP: 23/23 MP: 5/5
   885 | D:2      | Found a snail-covered altar of Cheibriados.
  1026 | D:2      | Found an ancient bone altar of Kikubaaqudgha.
  1141 | D:2      | Reached XP level 4. HP: 23/28 MP: 4/6
  1658 | D:3      | Gained mutation: You are clumsy. (Dex -2) [potion of mutation]
  1658 | D:3      | Gained mutation: You are robust. (+10% HP) [potion of mutation]
  1700 | D:3      | Noticed Sigmund
  1730 | D:2      | Reached ** piety under Lugonu
  1861 | D:3      | Noticed Robin
  1883 | D:3      | Killed Robin
  2021 | D:4      | Noticed Curus's ghost (novice MfTm)
  2023 | D:4      | Noticed an ogre
  2178 | D:3      | Noticed Sigmund
  2178 | D:3      | Sigmund changed into Sigmund the sky beast
  2262 | D:2      | lol
  2274 | D:2      | HP: 1/30 [something (4)]
  2274 | D:2      | Slain by Sigmund the sky beast

Vault maps used:
D:1:      mainiacjoe_arrival_reflecting_pool
D:2:      lemuel_zombie_altar_kikubaaqudgha, overflow_temple_1_default
D:3:      uniq_robin, uniq_sigmund
D:4:      kennysheep_slugbush, kennysheep_little_box, cheibrodos_gnoll_hut,
          uniq_grinder

Skill      XL: |  1  2  3  4 |
---------------+-------------+-----
Long Blades    | 3 |  3.6
Invocations    | 2 |  2.3
Dodging        | 2 |  2.0
Armour         | 3 |  3.0
Fighting       | |  3.3

Action                   |  1- 3 |  4- 6 || total
-------------------------+-------+-------++-------
Melee: Falchion          |    68 |    47 ||   115
       Kick              |    18 |     5 ||    23
       Peck              |    13 |     8 ||    21
Invok: Depart the Abyss  |     1 |       ||     1
Evoke: Wand              |       |     5 ||     5
  Use: Scroll            |       |     6 ||     6
       Potion            |       |     1 ||     1
 Stab: Sleeping          |       |     1 ||     1
  Eat: Chunk             |       |     2 ||     2
       Ration            |       |     1 ||     1
Armor: Leather armour    |    13 |    13 ||    26
Dodge: Dodged            |    55 |    37 ||    92
       Rpst.: Falchion   |    25 |    14 ||    39

Table legend:
 A = Spawn XP
 B = Non-spawn XP
 C = Spawn XP percentage of total XP
 D = Spawn monster count
 E = Non-spawn monster count
 F = Spawn count percentage of total count
 G = Total turns spent on level
                    A         B        C        D         E        F      G
               +---------+---------+-------+---------+---------+-------+---------
         Total |       0 |     153 |   0.0 |       0 |      61 |   0.0 |  2274
               +---------+---------+-------+---------+---------+-------+---------
           D:1 |       0 |      36 |   0.0 |       0 |      21 |   0.0 |   678
           D:2 |       0 |      51 |   0.0 |       0 |      17 |   0.0 |   869
           D:3 |       0 |      66 |   0.0 |       0 |      23 |   0.0 |   630
               +---------+---------+-------+---------+---------+-------+---------
